 Dungeon Crawl Stone Soup version 0.23.2-1-ga50397a (webtiles) character file.

Game seed: 13631326654717455975

25 esteth the Magician (level 3, -1/25 HPs)
             Began as a Gnoll Wizard on Apr 21, 2019.
             Slain by a goblin
             ... wielding a +0 dagger
             ... led by Robin
              (4 damage)
             ... on level 2 of the Dungeon.
             The game lasted 00:02:44 (1814 turns).

esteth the Magician (Gnoll Wizard)                  Turns: 1814, Time: 00:02:44

Health: -1/25      AC:  2    Str:  9    XL:     3   Next: 4%
Magic:  1/11       EV: 14    Int: 21    God:
Gold:   67         SH:  0    Dex: 13    Spells: 11/16 levels left

rFire    . . .     SeeInvis .   c - +0 club
rCold    . . .     Gourm    .   (no shield)
rNeg     . . .     Faith    .   a - +0 robe
rPois    .         Spirit   .   b - +0 hat
rElec    .         Reflect  .   (no cloak)
rCorr    .         Harm     .   (no gloves)
MR       +....                  (no boots)
Stlth    +++.......             (no amulet)
HPRegen  0.08/turn              k - ring of protection from magic
MPRegen  0.12/turn              (no ring)

@: no status effects
A: distributed training, fangs 1, strong nose
a: no special abilities


You were on level 2 of the Dungeon.
You were not hungry.

You visited 1 branch of the dungeon, and saw 2 of its levels.

You collected 67 gold pieces.

Inventory:

Hand Weapons
 c - a +0 club (weapon)
Armour
 a - a +0 robe (worn)
 b - a +0 hat (worn)
Jewellery
 k - a ring of protection from magic (left hand)
Scrolls
 h - a scroll of remove curse
Potions
 e - a potion of lignification {unknown}
 g - a potion of invisibility {unknown}
 i - a potion of flight {unknown}
 m - a potion of cancellation {unknown}
Comestibles
 d - 2 rations
 l - 3 chunks of flesh


   Skills:
 + Level 0.5 Fighting
 + Level 0.5 Short Blades
 + Level 0.5 Long Blades
 + Level 0.5 Axes
 + Level 0.5 Maces & Flails
 + Level 0.5 Polearms
 + Level 0.5 Staves
 + Level 0.5 Slings
 + Level 0.5 Bows
 + Level 0.5 Crossbows
 + Level 0.5 Throwing
 + Level 0.5 Armour
 + Level 4.5 Dodging
 + Level 4.1 Stealth
 + Level 0.5 Shields
 + Level 0.5 Unarmed Combat
 + Level 7.1 Spellcasting
 + Level 2.0 Conjurations
 + Level 0.4 Hexes
 + Level 0.4 Charms
 + Level 2.0 Summonings
 + Level 0.4 Necromancy
 + Level 2.0 Translocations
 + Level 0.4 Transmutations
 + Level 0.4 Fire Magic
 + Level 0.4 Ice Magic
 + Level 0.4 Air Magic
 + Level 0.4 Earth Magic
 + Level 0.4 Poison Magic
 + Level 0.7 Invocations
 + Level 0.5 Evocations


You had 11 spell levels left.
You knew the following spells:

 Your Spells              Type           Power        Failure   Level  Hunger
a - Magic Dart            Conj           ###.         3%          1    None
b - Blink                 Tloc           N/A          5%          2    None
c - Call Imp              Summ           ###.....     5%          2    None

Your spell library contained the following spells:

 Spells                   Type           Power        Failure   Level  Hunger
 Slow                     Hex            #.......     11%         2    None
 Conjure Flame            Conj/Fire      ##......     16%         3    #......
 Mephitic Cloud           Conj/Pois/Air  ##......     17%         3    #......


Dungeon Overview and Level Annotations

Branches:
Dungeon (2/15)

Altars:

Annotations:
D:2 Robin


Innate Abilities, Weirdness & Mutations

Your experience applies equally to all skills.
You have very sharp teeth.
Your uncanny sense of smell can sniff out nearby items.


Message History

You hit the rat.
You kill the rat!
The adder closely misses your crimson imp.
The goblin closely misses your crimson imp.
The adder closely misses your crimson imp.
Your crimson imp closely misses the adder.
The goblin closely misses your crimson imp.
You hear a shout!
Casting: Call Imp (safe; 5% risk of failure)
Confirm with . or Enter, or press ? or * to list all spells.
You don't have enough magic to cast that spell.
The adder completely misses your crimson imp.
Your crimson imp hits the adder.
Something closely misses your crimson imp.
A rat comes into view.
The bat barely misses you. The bat closely misses you.
Robin throws the goblin at you!
* * * LOW HITPOINT WARNING * * *
The goblin hits you with a +0 dagger.
You die...

.####.# #.# #........
gg5...##########.#####
#.#######
..###....gS5.........# *,*
g.# #.####g###.#.###># *,*
..###.# #.# #5#.# *,# *,*
..g.#.####g# #w#.###.# *,*
***** ...g5.....g###.#.....#
*,* *,,,,
###.##.##.w...g..g...# *,*
*,*** #.##.##....gb.@...r#
*,* *,* #[##.##............#
*,* *,*
#.##.##............#***,* *,*
#.##.##........^.....#*,***,*
#.##.##.>.........##..,,,,,,*
#r##..............#**#*,*****
*,**,,###..........,,,,,*
***,**,,* #.........##*****
,,,,,,,,* ***,*,,****


You could see a worm, Robin, a dart slug, 3 goblins, a bat and a rat
(wandering).

Vanquished Creatures
  2 dart slugs
  A leopard gecko (D:1)
  A goblin (D:2)
  4 hobgoblins (D:1)
  A quokka (D:2)
  2 ball pythons
  2 bats
  A frilled lizard (D:1)
  4 rats
18 creatures vanquished.

Vanquished Creatures (collateral kills)
  3 goblins (D:2)
  A hobgoblin (D:2)
4 creatures vanquished.

Grand Total: 22 creatures vanquished

Notes
Turn   | Place    | Note
-------+----------+-------------------------------------------
     0 | D:1      | esteth the Gnoll Wizard began the quest for the Orb.
     0 | D:1      | Reached XP level 1. HP: 13/13 MP: 8/8
   318 | D:1      | Reached XP level 2. HP: 12/19 MP: 10/10
   328 | D:1      | Learned a level 2 spell: Blink
   331 | D:1      | Learned a level 2 spell: Call Imp
  1758 | D:2      | Noticed Robin
  1781 | D:2      | Reached XP level 3. HP: 5/25 MP: 1/11
  1814 | D:2      | Slain by a goblin

Skill      XL: |  1 |
---------------+----+-----
Conjurations   | 2 |  2.0
Summonings     | 2 |  2.0
Translocations | 2 |  2.0
Fighting       | |  0.5
Short Blades   | |  0.5
Long Blades    | |  0.5
Axes           | |  0.5
Maces & Flails | |  0.5
Polearms       | |  0.5
Staves         | |  0.5
Slings         | |  0.5
Bows           | |  0.5
Crossbows      | |  0.5
Throwing       | |  0.5
Armour         | |  0.5
Dodging        | |  4.5
Stealth        | |  4.1
Shields        | |  0.5
Unarmed Combat | |  0.5
Spellcasting   | |  7.1
Hexes          | |  0.4
Charms         | |  0.4
Necromancy     | |  0.4
Transmutations | |  0.4
Fire Magic     | |  0.4
Ice Magic      | |  0.4
Air Magic      | |  0.4
Earth Magic    | |  0.4
Poison Magic   | |  0.4
Invocations    | |  0.7
Evocations     | |  0.5

Action                   || total
-------------------------++-------
Melee: Club              ||    50
       Bite              ||     2
 Cast: Magic Dart        ||    21
       Call Imp          ||     5
       Blink             ||     2
  Use: Scroll            ||     3
 Stab: Sleeping          ||     5
  Eat: Chunk             ||     3
Armor: Robe              ||    14
Dodge: Dodged            ||    70
